 Dungeon Crawl Stone Soup version 0.20-a0-1089-g3fde505 (console) character file.

896 nht the Zephyrmancer (level 8, -4/41 HPs)
             Began as a Tengu Air Elementalist on May 3, 2017.
             Was an Initiate of Okawaru.
             Killed by divine providence
             ... invoked by an orc priest
              (16 damage)
             ... on level 7 of the Dungeon.
             The game lasted 00:16:33 (6327 turns).

nht the Zephyrmancer (Tengu Air Elementalist)       Turns: 6327, Time: 00:16:34

Health: -4/41      AC:  4    Str:  9      XL:     8   Next: 7%
Magic:  0/12       EV: 12    Int: 17      God:    Okawaru [......]
Gold:   407        SH:  0    Dex: 13 (15) Spells: 7/11 levels left

rFire    + . .     SeeInvis .   y - +0 quarterstaff (pain)
rCold    + + .     Gourm    .   (shield currently unavailable)
rNeg     . . .     Faith    .   a - +1 robe
rPois    .         Spirit   .   (helmet restricted)
rElec    .         Reflect  .   e - scarf {rC+ rF+}
rCorr    .         Harm     .   z - +0 pair of gloves
MR       .....                  (boots unavailable)
Stlth    ++........             w - amulet of magic regeneration
Regen    0.2/turn               (no ring)
MPRegen  0.2/turn               G - ring of protection from cold

@: no status effects
A: beak, talons 3, able to fly 1
a: Fly, Renounce Religion


You were on level 7 of the Dungeon.
You worshipped Okawaru.
Okawaru was noncommittal.
You were hungry.

You visited 2 branches of the dungeon, and saw 8 of its levels.

You collected 407 gold pieces.

Inventory:

Hand Weapons
 d - a +3 short sword
 f - a +0 hand axe of flaming
 h - a -3 whip
 i - a +2 dagger of flaming
 k - a +0 hand crossbow
 s - a +0 quarterstaff
 y - a +0 quarterstaff of pain (weapon)
Missiles
 q - 54 bolts
Armour
 a - a +1 robe (worn)
 e - a scarf of resistance (worn)
 g - the +3 plate armour "Cioff" {rElec rPois Dex+2}
   (You found it on level 5 of the Dungeon)

   It affects your dexterity (+2).
   It insulates you from electricity.
   It protects you from poison.
 z - a +0 pair of gloves (worn)
Magical Staves
 u - an uncursed staff of summoning {unknown}
 D - an uncursed staff of death {unknown}
Jewellery
 w - an amulet of magic regeneration (around neck)
 G - a ring of protection from cold (right hand)
Scrolls
 j - 2 scrolls of magic mapping
 m - 3 scrolls of fog
 n - a scroll of amnesia
 r - a scroll of enchant armour
 F - a scroll of teleportation
Potions
 o - a potion of cancellation
 p - 3 potions of agility
 t - a potion of ambrosia
 x - 2 potions of brilliance
 A - 2 potions of heal wounds
 B - 2 potions of haste
Books
 b - a book of Air

   Spells                             Type                      Level
   a - Shock                          Conjuration/Air              1
   b - Swiftness                      Charms/Air                   2
   c - Static Discharge               Conjuration/Air              3
   d - Airstrike                      Air                          4
   e - Lightning Bolt                 Conjuration/Air              5
 E - a book of Changes

   Spells                             Type                      Level
   a - Beastly Appendage              Transmutation                1
   b - Sticks to Snakes               Transmutation                2
   c - Spider Form                    Transmutation/Poison         3
   d - Ice Form                       Ice/Transmutation            4
   e - Blade Hands                    Transmutation                5
Comestibles
 c - 7 bread rations
 l - 3 meat rations
 v - a royal jelly
 C - 6 fruits


   Skills:
 + Level 3.0 Staves
 - Level 2.1 Dodging
 - Level 2.0 Stealth
 - Level 2.0 Spellcasting
 + Level 7.6 Conjurations
 + Level 8.8 Air Magic


You had 7 spell levels left.
You knew the following spells:

 Your Spells              Type           Power        Failure   Level  Hunger
a - Shock                 Conj/Air       ####         1%          1    #......
b - Static Discharge      Conj/Air       ####....     1%          3    ###....


Dungeon Overview and Level Annotations

Branches:
Dungeon (7/15)             Temple (1/1) D:5

Altars:
Ashenzari
Cheibriados
Dithmenos
Elyvilon
Fedhas
Gozag
Kikubaaqudgha
Makhleb
Nemelex Xobeh
Okawaru
Qazlal
Ru
Sif Muna
Trog
Uskayaw
Wu Jian
Xom
Yredelemnul
Zin
The Shining One


Innate Abilities, Weirdness & Mutations

You have a beak for a mouth.
You have claws for feet.
You can fly.


Message History

The kobold hits you but does no damage.
Unknown command.
Casting: Static Discharge
Confirm with . or Enter, or press ? or * to list all spells.
The kobold is struck by lightning.
You kill the kobold!
Okawaru accepts your kill.
The lightning arcs!
You are struck by lightning.
The lightning arcs!
The kobold is struck by lightning.
The kobold is severely wounded.
The lightning grounds out.
The kobold is struck by lightning.
You kill the kobold!
Okawaru accepts your kill.
The lightning arcs!
The orc is struck by lightning.
The orc is almost dead.
The lightning grounds out.
The big kobold hits you.
* * * LOW HITPOINT WARNING * * *
The orc priest mumbles some strange prayers to Beogh against you.
Beogh smites you!
You die...

█........
█..h.█+██████........
██+█................██'█
....................█...
....................█...
....................█...
....................█...
......oKh...........█..█
......o@████████....█+██
...o..KK((.(█ █....█...
..o.....█...█ █....'...
........█<..█ █....█...
........█..(█ █....█...
........█...█ █....█...
........█..█████....█..█
........█..██..█....█..█
.......█..█...█....█...


You could see a big kobold, an orc priest, 3 orcs, 2 jackals and 2 kobolds.

Vanquished Creatures
  An ogre (D:4)
  A big kobold (D:4)
  A bullfrog (D:7)
  3 scorpions
  A quasit (D:7)
  A hound (D:5)
  A centaur skeleton (D:4)
  Jessica (D:3)
  An orc wizard (D:7)
  2 worker ants
  A killer bee zombie (D:5)
  A hound skeleton (D:6)
  11 adders
  4 gnolls
  A shadow imp (D:5)
  2 oozes
  An adder zombie (D:7)
  2 adder skeletons
  2 dart slugs (D:1)
  2 worms
  2 leopard geckos
  12 orcs
  4 giant cockroaches
  4 goblins
  10 hobgoblins
  14 jackals
  3 quokkas (D:3)
  10 bats
  3 frilled lizards
  34 kobolds
  A quokka zombie (D:5)
  4 rats
  2 plants (D:4)
143 creatures vanquished.

Notes
Turn   | Place    | Note
-------+----------+-------------------------------------------
     0 | D:1      | nht the Tengu Air Elementalist began the quest for the Orb.
     0 | D:1      | Reached XP level 1. HP: 10/10 MP: 4/4
   229 | D:1      | Reached XP level 2. HP: 15/15 MP: 0/6
   377 | D:1      | Reached XP level 3. HP: 13/19 MP: 0/7
   982 | D:1      | Learned a level 3 spell: Static Discharge
  1034 | D:1      | Reached skill level 5 in Air Magic
  1156 | D:2      | Found a deep blue altar of Sif Muna.
  1311 | D:2      | Reached XP level 4. HP: 24/24 MP: 2/8
  1881 | D:2      | Gained mutation: You can fly. [Tengu growth]
  1881 | D:2      | Reached XP level 5. HP: 28/28 MP: 7/9
  1997 | D:3      | Noticed Jessica
  1999 | D:3      | Killed Jessica
  1999 | D:3      | Reached skill level 6 in Air Magic
  2117 | D:3      | Found a bloodstained altar of Trog.
  2173 | D:3      | Reached skill level 5 in Conjurations
  2678 | D:4      | Reached XP level 6. HP: 32/32 MP: 0/10
  2809 | D:4      | Reached skill level 7 in Air Magic
  3460 | D:4      | Reached XP level 7. HP: 27/36 MP: 5/11
  3757 | D:5      | Entered Level 5 of the Dungeon
  3762 | D:5      | Got a faintly glowing plate armour
  4081 | D:5      | Found a staircase to the Ecumenical Temple.
  4085 | Temple   | Entered the Ecumenical Temple
  4312 | Temple   | Became a worshipper of Warmaster Okawaru
  4350 | D:5      | Reached skill level 8 in Air Magic
  4708 | D:5      | Reached skill level 1 in Staves
  4938 | D:6      | Found an ancient bone altar of Kikubaaqudgha.
  5727 | D:6      | Identified the +3 plate armour "Cioff" {rElec rPois Dex+2} (You found it on level 5 of the Dungeon)
  5943 | D:7      | Reached XP level 8. HP: 16/41 MP: 12/12
  6327 | D:7      | Killed from afar by an orc priest

Vault maps used:
D:1:      erik_arrival_cave_to_civilisation
D:2:      led_sif_pool, kennysheep_nondescript, minmay_pentomino_q2
D:3:      lemuel_crystal_altar, uniq_jessica
D:4:      kennysheep_kobold_camp
D:5:      temple_hall_moat, first_bread, hangedman_decor_riveting
D:6:      basic_altar
Temple:   hc_temple_tempest_star

Skill      XL: |  1  2  3  4  5  6  7  8 |
---------------+-------------------------+-----
Conjurations   | 2 3 4 5 6 7 |  7.6
Air Magic      | 5 6 7 8 |  8.8
Staves         | 2 3 |  3.0
Dodging        | |  2.1
Stealth        | |  2.0
Spellcasting   | |  2.0

Action                   |  1- 3 |  4- 6 |  7- 9 || total
-------------------------+-------+-------+-------++-------
Melee: Short sword       |    14 |    51 |    13 ||    78
       Kick              |     1 |     3 |    18 ||    22
       Peck              |     1 |     2 |    15 ||    18
       Whip              |       |       |    29 ||    29
       Quarterstaff      |       |       |    39 ||    39
 Cast: Shock             |    60 |   110 |    88 ||   258
       Static Discharge  |       |     1 |    11 ||    12
 Abil: Fly               |       |     1 |       ||     1
  Use: Scroll            |     1 |     7 |    10 ||    18
       Potion            |     1 |     4 |       ||     5
 Stab: Sleeping          |       |       |     1 ||     1
  Eat: Chunk             |     2 |     9 |    10 ||    21
       Fruit             |       |       |     1 ||     1
Armor: Robe              |     1 |    11 |    30 ||    42
       Skin              |       |    33 |       ||    33
Dodge: Dodged            |     8 |    23 |    69 ||   100
